 Dungeon Crawl Stone Soup version 0.28-a0-1235-g7c8fac35f0 (webtiles) character file.

Game seed: 17160481883771059117

78129 HessuHobo the Severer (level 15, 0/141 HPs)
             Began as a Minotaur Berserker on Dec 25, 2021.
             Was an Elder of Trog.
             Slain by an entropy weaver simulacrum (5 damage)
             ... in an ice cave.
             The game lasted 00:48:59 (32502 turns).

HessuHobo the Severer (Minotaur Berserker)         Turns: 32502, Time: 00:48:59

Health: 0/141      AC: 18    Str: 29    XL:     15   Next: 17%
Magic:  14/14      EV:  8    Int:  4    God:    Trog [****..]
Gold:   1300       SH: 16    Dex: 10    Spells: 14/14 levels left

rFire   . . .      SeeInvis .   K - +3 broad axe (spect)
rCold   . . .      Faith    .   M - +0 kite shield {rN+}
rNeg    + . .      Spirit   .   a - +0 plate armour
rPois   +          Reflect  +   (helmet restricted)
rElec   .          Harm     .   X - scarf {repulsion}
rCorr   .          Rampage  .   b - +0 pair of gloves
Will    +....      Rage     1%  N - +0 pair of boots
Stlth   ..........              R - amulet of reflection
HPRegen 0.33/turn               d - +4 ring of slaying
MPRegen 0.14/turn               j - ring of poison resistance

@: repel missiles
A: horns 2, retaliatory headbutt, berserk 1, screaming 1
a: Renounce Religion, Berserk, Trog's Hand, Brothers in Arms


You were in an ice cave.
You worshipped Trog.
Trog was greatly pleased with you.
You visited 3 branches of the dungeon, and saw 20 of its levels.
You also visited: Ice Cave.

You collected 1858 gold pieces.
You spent 558 gold pieces at shops.

Inventory:

Hand Weapons
 q - a +3 antimagic hand axe
 K - a +3 spectral broad axe (weapon)
 W - a +2 vorpal battleaxe
Missiles
 V - a throwing net (quivered)
Armour
 a - a +0 plate armour (worn)
 b - a +0 pair of gloves (worn)
 n - +0 swamp dragon scales
 I - a +1 scale mail of fire resistance
 M - a +0 kite shield of positive energy (worn)
 N - a +0 pair of boots (worn)
 X - a scarf of repulsion (worn)
Jewellery
 d - a +4 ring of slaying (left hand)
 j - a ring of poison resistance (right hand)
 x - a ring of see invisible
 L - a ring of positive energy
 R - an amulet of reflection (around neck)
 U - an amulet of regeneration
Wands
 f - a wand of mindburst (22)
 y - a wand of iceblast (20)
 D - a wand of polymorph (6)
 H - a wand of charming (6)
 P - a wand of flame (8)
Scrolls
 e - 5 scrolls of fog
 i - 5 scrolls of teleportation
 l - 3 scrolls of immolation
 s - 2 scrolls of summoning
 u - a scroll of magic mapping
 v - 2 scrolls of holy word
 w - 5 scrolls of fear
 z - 6 scrolls of enchant armour
 F - a scroll of blinking
 J - a scroll of silence
 Q - a scroll of amnesia
 T - 2 scrolls of brand weapon
Potions
 c - 3 potions of berserk rage
 g - 4 potions of might
 h - 4 potions of haste
 k - 3 potions of magic
 r - 2 potions of mutation
 t - 3 potions of lignification
 A - a potion of heal wounds
 B - a potion of resistance
 E - 3 potions of brilliance
 G - 7 potions of curing
 O - 8 potions of ambrosia
 Y - a potion of invisibility
 Z - a potion of attraction
Miscellaneous
 m - a condenser vane
 S - a phantom mirror


   Skills:
 + Level 15.4 Fighting
 * Level 20.9 Axes
 + Level 12.5 Armour
 - Level 2.1 Dodging
 + Level 11.9 Shields
 - Level 8.0 Evocations


You had 14 spell levels left.
You didn't know any spells.
Your spell library was empty.

Dungeon Overview and Level Annotations

Branches:
Dungeon (13/15)            Temple (0/1) D:4            Lair (6/6) D:8
 Shoals (1/4) Lair:4       Spider (0/4) Lair:2        Slime (0/5) Lair:5
    Orc (0/2) D:11         Vaults (0/5) D:13          IceCv (1/1)

Altars:
Dithmenos
Qazlal
Trog
The Shining One
Jiyva

Shops:
D:4 !   D:9 [[*

Annotations:
Lair:3 3 runed translucent doors, wpisznazwe's ghost, journeyman VSGl
Lair:5 1 runed translucent door


Innate Abilities, Weirdness & Mutations

You have a pair of horns on your head.
You reflexively headbutt those who attack you in melee.
You tend to lose your temper in combat.
You occasionally shout uncontrollably at your foes.


Message History

There is a frozen archway here.
The world spins around you as you enter the gateway.
You enter an ice cave!
Found an ice covered gate leading back out of this place.
There is an ice choked empty arch of ancient stone here.
An entropy weaver simulacrum comes into view.
You yell at the entropy weaver simulacrum!
A minotaur simulacrum comes into view.
An entropy weaver simulacrum comes into view.
A freezing wraith comes into view.
You slash the minotaur simulacrum!
The minotaur simulacrum is moderately damaged.
Your +3 spectral broad axe hits the minotaur simulacrum!
Your +3 spectral broad axe hits the entropy weaver simulacrum!
The minotaur simulacrum hits you! The minotaur simulacrum freezes you!!
The minotaur simulacrum gores you! The minotaur simulacrum freezes you!!!
A minotaur simulacrum comes into view.
You slice the minotaur simulacrum!!
The minotaur simulacrum vaporises!
Trog accepts your kill.
Press: ? - help, v - describe, . - travel
Here: an entropy weaver simulacrum (freezing vapour)
The floor.
You block the entropy weaver simulacrum's attack.
The entropy weaver simulacrum hits you.
The entropy weaver simulacrum freezes you!!
* * * LOW HITPOINT WARNING * * *
You block the entropy weaver simulacrum's attack.
The entropy weaver simulacrum hits you but does no damage.
You feel much better. The entropy weaver simulacrum hits you!
* * * LOW HITPOINT WARNING * * *
The entropy weaver simulacrum freezes you!
* * * LOW HITPOINT WARNING * * *
The entropy weaver simulacrum barely misses you.
You block the entropy weaver simulacrum's attack.
The entropy weaver simulacrum barely misses you.
The entropy weaver simulacrum hits you but does no damage. x2
You block the entropy weaver simulacrum's attack.
The entropy weaver simulacrum hits you.
You die...

#### ##..## ####
##....#####..##
#.......##.Z4W#
#.∩.∩.....@Z#Z......
#..........###.....Z
##....##..## .#ZZ..
##..###### # W..
#### .. .


You could see an ice devil, a freezing wraith and 2 entropy weaver simulacra.

Vanquished Creatures
  An ironbound preserver (D:13)
  The ghost of Bulibuo the Severer, a journeyman HOBe of Trog (Lair:6)
  2 fire dragons (Lair:6)
  Erolcha (D:12)
  10 hydras
  3 centaur warriors (D:13)
  A boulder beetle (D:9)
  5 two-headed ogres
  Nergalle (D:12)
  A lindwurm (Lair:6)
  A swamp dragon (Lair:6)
  A spriggan simulacrum (Shoals:1)
  A necromancer (Lair:6)
  A harpy (shapeshifter) (D:13)
  2 deep elf pyromancers (D:13)
  The ghost of gohrik the Thaumaturge, a novice DESu of Fedhas (D:7)
  An oklob plant (Lair:5)
  2 ugly things
  5 fauns
  2 cyclopes
  2 manticores (D:13)
  5 black mambas
  3 centaur zombies
  5 merfolk sirens
  Joseph (D:8)
  3 elephants (Lair:6)
  5 torpor snails (Lair:6)
  3 gargoyles (D:12)
  An unseen horror (D:12)
  Maurice (D:10)
  17 cane toads
  Psyche (D:9)
  8 rime drakes
  10 komodo dragons
  2 kobold demonologists
  An anaconda simulacrum (Shoals:1)
  An efreet (D:13)
  3 trolls (D:10)
  A troll (shapeshifter) (D:13)
  A merfolk (Lair:4)
  A queen bee (Lair:2)
  A polar bear (shapeshifter) (D:13)
  Grinder (D:5)
  4 polar bears
  20 blink frogs
  4 slime creatures (D:12)
  7 hornets
  6 dream sheep (Lair:6)
  3 tyrant leeches (Lair:6)
  A meliai zombie (D:10)
  A shadow (D:12)
  A vampire (D:11)
  A wraith (D:6)
  2 wyverns
  64 yaks
  A dire elephant simulacrum (Shoals:1)
  4 basilisks
  5 steam dragons
  10 vampire mosquitoes
  2 minotaur simulacra
  2 harpy simulacra (Shoals:1)
  2 acid dragons
  15 water moccasins
  3 ice beasts
  A swamp drake (Lair:6)
  4 orc warriors
  2 sky beasts
  2 ogres
  3 black bears
  2 necrophages
  37 wolves
  3 centaurs
  11 bullfrogs
  6 kobold brigands
  A gnoll sergeant (D:7)
  A scorpion (D:6)
  A deep troll simulacrum (Shoals:1)
  A water moccasin zombie (D:6)
  A wyvern skeleton (D:7)
  32 killer bees
  A lindwurm simulacrum (Shoals:1)
  3 wights (D:10)
  An electric eel (Lair:5)
  6 howler monkeys
  A bullfrog zombie (D:7)
  4 hounds
  8 orc priests
  Crazy Yiuf (D:5)
  A bullfrog skeleton (D:5)
  A gnoll shaman (D:5)
  A centaur skeleton (D:7)
  An iguana (Lair:6)
  Terence (D:3)
  Natasha (thrice) (D:3)
  3 orc wizards
  A polar bear simulacrum (Lair:6)
  17 hell rats
  A yak simulacrum (Lair:6)
  5 wolf simulacra (Lair:6)
  A hound zombie (D:5)
  A hound skeleton (D:4)
  A howler monkey zombie (D:10)
  Robin (D:3)
  8 adders
  9 gnolls
  A shadow imp (D:3)
  2 white imps (D:6)
  An ufetubus (D:6)
  2 worms
  30 orcs
  5 ball pythons
  7 bats
  6 endoplasms
  7 giant cockroaches
  10 goblins
  9 hobgoblins
  2 jackals (D:4)
  17 kobolds
  A quokka (D:1)
  6 frilled lizards
  7 rats
  4 river rat simulacra (Lair:6)
584 creatures vanquished.

Vanquished Creatures (collateral kills)
  A tyrant leech (Lair:6)
  2 hornets (Lair:6)
3 creatures vanquished.

Vanquished Creatures (others)
  A deep elf pyromancer (D:12)
  2 orcs (D:12)
  38 fungi
  130 plants
171 creatures vanquished.

Grand Total: 758 creatures vanquished

Notes
Turn   | Place    | Note
-------+----------+-------------------------------------------
     0 | D:1      | HessuHobo the Minotaur Berserker began the quest for the
                  | Orb.
     0 | D:1      | Reached XP level 1. HP: 19/19 MP: 0/0
   502 | D:1      | Reached skill level 4 in Axes
   502 | D:1      | Reached XP level 2. HP: 26/27 MP: 1/1
  1192 | D:2      | Reached XP level 3. HP: 31/33 MP: 2/2
  1274 | D:2      | Reached XP level 4. HP: 32/40 MP: 3/3
  1277 | D:2      | Reached skill level 5 in Axes
  1503 | D:2      | Reached ** piety under Trog
  1925 | D:3      | You fall into a shaft and drop 1 floor!
  1934 | D:4      | Reached XP level 5. HP: 47/47 MP: 4/4
  1978 | D:4      | Found a glowing golden altar of the Shining One.
  1996 | D:4      | Noticed an ogre
  1999 | D:4      | Killed an ogre
  2000 | D:4      | Reached skill level 5 in Fighting
  2000 | D:4      | Reached skill level 6 in Axes
  2111 | D:4      | Found a staircase to the Ecumenical Temple.
  2116 | D:4      | Reached XP level 6. HP: 50/56 MP: 5/5
  2264 | D:4      | Found Doloumy's Distillery.
  2954 | D:3      | Found a faded altar of an unknown god.
  3283 | D:3      | Noticed Robin
  3292 | D:3      | Noticed Terence
  3293 | D:3      | Killed Robin
  3296 | D:3      | Reached *** piety under Trog
  3301 | D:3      | Killed Terence
  3302 | D:3      | Reached skill level 7 in Axes
  3402 | D:3      | Noticed Natasha
  3404 | D:3      | Killed Natasha
  3458 | D:3      | Noticed Natasha
  3467 | D:3      | Killed Natasha
  3740 | D:3      | Noticed Natasha
  3747 | D:3      | Killed Natasha
  3748 | D:3      | Reached skill level 5 in Armour
  3748 | D:3      | Reached XP level 7. HP: 62/62 MP: 6/6
  3912 | D:5      | Entered Level 5 of the Dungeon
  3984 | D:5      | Noticed a yak
  3984 | D:5      | Noticed a yak
  3985 | D:5      | Noticed a yak
  3985 | D:5      | Noticed a yak
  4008 | D:4      | Killed a yak
  4009 | D:4      | Reached skill level 8 in Axes
  4217 | D:4      | Killed a yak
  4390 | D:4      | Killed a yak
  4391 | D:4      | Reached XP level 8. HP: 48/71 MP: 7/7
  4712 | D:5      | Reached skill level 9 in Axes
  5376 | D:5      | Noticed Grinder
  5387 | D:5      | Killed Grinder
  5388 | D:5      | Reached skill level 10 in Axes
  5469 | D:5      | Found a runed translucent door.
  5470 | D:5      | Noticed Crazy Yiuf
  5477 | D:5      | Killed Crazy Yiuf
  5854 | D:6      | Found a stormy altar of Qazlal.
  5929 | D:6      | Reached skill level 1 in Evocations
  5967 | D:6      | Reached XP level 9. HP: 78/81 MP: 8/8
  6700 | D:7      | Reached skill level 11 in Axes
  7283 | D:7      | Reached **** piety under Trog
  7911 | D:7      | Noticed gohrik's ghost (novice DESu)
  7922 | D:7      | Reached skill level 12 in Axes
  8282 | D:7      | Found a runed translucent door.
  8493 | D:7      | Killed gohrik's ghost
  8494 | D:7      | Reached XP level 10. HP: 91/91 MP: 9/9
  8788 | D:8      | Noticed a two-headed ogre
  9058 | D:8      | Killed a two-headed ogre
  9061 | D:8      | Reached skill level 13 in Axes
  9316 | D:8      | Noticed Joseph
  9339 | D:8      | Killed Joseph
 10655 | D:8      | Found a staircase to the Lair.
 10727 | D:9      | Found Pommaunt's General Store.
 10730 | D:9      | Bought a scroll of identify for 28 gold pieces
 10754 | D:9      | Reached skill level 10 in Fighting
 10960 | D:9      | Noticed a boulder beetle
 10987 | D:9      | Noticed a two-headed ogre
 11007 | D:9      | Killed a two-headed ogre
 11008 | D:9      | Reached skill level 5 in Evocations
 11147 | D:9      | Found Beimybb's Antique Armour Shoppe.
 11163 | D:9      | Killed a boulder beetle
 11164 | D:9      | Reached skill level 10 in Armour
 11164 | D:9      | Reached XP level 11. HP: 101/101 MP: 10/10
 11248 | D:9      | Bought a runed cloak for 195 gold pieces
 11333 | D:9      | Reached skill level 14 in Axes
 11367 | D:9      | Found Mefun's Antique Armour Emporium.
 11379 | D:9      | Bought a runed kite shield for 195 gold pieces
 11391 | D:9      | Noticed Psyche
 11403 | D:9      | Killed Psyche
 11897 | D:10     | Entered Level 10 of the Dungeon
 11918 | D:10     | Gained mutation: You tend to lose your temper in combat. [a
                  | neqoxec]
 11921 | D:10     | Gained mutation: You occasionally shout uncontrollably at
                  | your foes. [a neqoxec]
 11936 | D:10     | Reached skill level 1 in Shields
 12188 | D:10     | Found a large runed translucent door.
 12189 | D:10     | Found a large runed translucent door.
 12849 | D:10     | Noticed Maurice
 12856 | D:10     | Killed Maurice
 13651 | D:10     | Found a shadowy altar of Dithmenos.
 13661 | D:10     | Found a bloodstained altar of Trog.
 14015 | Lair:1   | Entered Level 1 of the Lair of Beasts
 14113 | Lair:1   | Reached skill level 15 in Axes
 15369 | Lair:1   | Reached XP level 12. HP: 98/110 MP: 11/11
 15373 | Lair:1   | Reached skill level 5 in Shields
 15814 | Lair:2   | Noticed an eight-headed hydra
 16053 | Lair:2   | Killed a 12-headed hydra
 16523 | Lair:2   | Reached skill level 16 in Axes
 16885 | Lair:2   | Found a hole to the Spider Nest.
 16908 | Lair:2   | Noticed a five-headed hydra
 16923 | Lair:2   | Killed a ten-headed hydra
 17441 | Lair:2   | Noticed a seven-headed hydra
 17452 | Lair:2   | Killed a 12-headed hydra
 17845 | Lair:3   | Noticed a six-headed hydra
 17853 | Lair:3   | Noticed a minotaur
 17853 | Lair:3   | Noticed wpisznazwe's ghost (journeyman VSGl)
 17929 | Lair:3   | Noticed a catoblepas
 18275 | Lair:3   | Noticed a four-headed hydra
 18279 | Lair:3   | Found a runed translucent gate.
 18288 | Lair:2   | Reached ***** piety under Trog
 18433 | Lair:3   | Killed a nine-headed hydra
 18434 | Lair:3   | Reached skill level 17 in Axes
 18820 | Lair:3   | Found a runed translucent gate.
 18836 | Lair:3   | Found a runed translucent gate.
 18862 | Lair:2   | Reached XP level 13. HP: 29/119 MP: 12/12
 21258 | Lair:4   | Reached skill level 18 in Axes
 21796 | Lair:4   | Received a gift from Trog
 21950 | Lair:4   | Found a staircase to the Shoals.
 24271 | Lair:5   | Found a runed translucent door.
 24271 | Lair:5   | Found a viscous altar of Jiyva.
 24274 | Lair:5   | Noticed an acid blob
 24299 | Lair:5   | Noticed an acid blob
 24300 | Lair:5   | Found a staircase to the Slime Pits.
 24585 | Lair:6   | Entered Level 6 of the Lair of Beasts
 24923 | Lair:6   | Reached skill level 19 in Axes
 25513 | Lair:6   | Reached XP level 14. HP: 132/132 MP: 13/13
 25523 | Lair:6   | Reached skill level 10 in Shields
 25643 | Lair:6   | Found a runed translucent gate.
 25643 | Lair:6   | Found a runed translucent gate.
 25645 | Lair:6   | Found a runed translucent gate.
 25646 | Lair:6   | Noticed Bulibuo's ghost (journeyman HOBe)
 26271 | Lair:6   | Received a gift from Trog
 27202 | Lair:6   | Found a runed translucent door.
 28460 | Lair:6   | Killed Bulibuo's ghost
 28712 | D:4      | Bought a potion of haste for 140 gold pieces
 29006 | D:11     | Reached skill level 20 in Axes
 29261 | D:11     | Found a staircase to the Orcish Mines.
 30372 | D:12     | Noticed Nergalle
 30383 | D:12     | Killed Nergalle
 30471 | D:12     | Reached skill level 15 in Fighting
 30702 | D:12     | Noticed Erolcha
 30735 | D:12     | Killed Erolcha
 31397 | D:13     | Noticed an ironbound preserver
 31497 | D:13     | Killed an ironbound preserver
 31544 | D:13     | Reached XP level 15. HP: 128/141 MP: 14/14
 31553 | D:13     | Found a gate to the Vaults.
 32057 | Shoals:1 | Entered Level 1 of the Shoals
 32458 | Shoals:1 | Found a frozen archway.
 32483 | IceCv    | Entered an ice cave
 32502 | IceCv    | HP: 5/141 [entropy weaver simulacrum (13)]
 32502 | IceCv    | Slain by an entropy weaver simulacrum

Illustrated notes

Levels and vault maps discovered:
D:1:      wander_arrival_peaceful_grave, layout_basic, minivault_24
D:2:      minmay_inner_zag, layout_basic
D:3:      layout_loops_ring, dreamdust_ecumenical_altar_grove,
          serial_bayou_lagoon_b, uniq_terence, uniq_robin, uniq_natasha
D:4:      layout_rooms, tso_metal_star, minmay_temple_entry_antechambers,
          serial_shops, nicolae_shop_statue_plus, minmay_misc_feat_alley
D:5:      layout_gridville, uniq_grinder, uniq_crazy_yiuf_cottage
D:6:      layout_loops_ring, mainiacjoe_overflow_chevrons,
          hangedman_decor_opposing
D:7:      minmay_spotlight, layout_loops_ring, hellmonk_ghost_happy_afterlife,
          minmay_splitting_lines
D:8:      layout_rooms, grunt_lair_entry_orc_guard_hut, serial_bayou_pond_e,
          uniq_joseph
D:9:      layout_cave_pools, serial_shops, shop_statue, kennysheep_mini,
          nicolae_square_shop, nicolae_zen_rock_garden, uniq_psyche
D:10:     layout_loops_cross, jmf_multi_god_temple2, uniq_maurice
D:11:     layout_long_grid, orc_0_dummy
D:12:     layout_roguey, uniq_nergalle, uniq_erolcha
D:13:     layout_rooms, skrybe_vaults_entry_preservation, minmay_lindwurm_lava
Lair:1:   layout_chaotic_city, serial_bayou_shore_a, grunt_megastairs_3
Lair:2:   layout_roguey [special_room_bee], spider_nest_entry_web_field
Lair:3:   layout_cave_shapes, maelrawn_ghost_gauntlet_escape, grunt_megastairs_2
Lair:4:   layout_cave_pods, elwin_shoals_entry_stream
Lair:5:   layout_cave_pods, slime_altar_2, pond, infiniplex_staircase_pool
Lair:6:   guppyfry_lair_end_dragon, layout_regular_city, wormcave,
          gammafunk_ghost_hydra_chop, st_stairs_9, eino_house_with_fridge
Shoals:1: layout_shoals, portal_ice_cave_entry_ice_simulacra
IceCv:    ice_cave_small_demon

Skill      XL: |  1  2  3  4  5  6  7  8  9 10 11 12 13 14 |
---------------+-------------------------------------------+-----
Axes           | 4 5 6 7 8 10 12 13 15 17 19 20 | 20.9
Fighting       | 4 5 6 7 9 10 11 12 14 15 | 15.4
Armour         | 3 4 5 6 7 8 10 12 | 12.5
Evocations     | 1 3 5 6 7 8 |  8.0
Shields        | 4 7 9 11 | 11.9
Dodging        | |  2.1

Action                   |  1- 3 |  4- 6 |  7- 9 | 10-12 | 13-15 || total
-------------------------+-------+-------+-------+-------+-------++-------
Melee: Hand axe          |    40 |   119 |   189 |   642 |   107 ||  1097
       Headbutt          |     6 |    19 |    40 |   165 |   149 ||   379
       Broad axe         |       |       |       |       |   445 ||   445
Invok: Berserk           |     1 |     3 |     3 |    12 |     8 ||    27
       Trog's Hand       |       |     1 |       |     2 |     8 ||    11
       Brothers in Arms  |       |       |       |       |     4 ||     4
Evoke: Wand              |       |       |       |     5 |       ||     5
       Condenser vane    |       |       |       |       |     1 ||     1
  Use: Scroll            |       |       |     8 |     2 |    22 ||    32
       Potion            |       |       |       |       |     3 ||     3
 Stab: Sleeping          |       |       |       |     1 |       ||     1
       Distracted        |       |       |       |       |    12 ||    12
Armor: Animal skin       |     8 |       |       |       |       ||     8
       Leather armour    |     2 |     1 |       |       |       ||     3
       Ring mail         |       |    34 |    67 |   140 |    75 ||   316
       Plate armour      |       |       |       |   104 |    42 ||   146
       Swamp dragon scal |       |       |       |       |     7 ||     7
       Scale mail        |       |       |       |       |     1 ||     1
Dodge: Dodged            |    22 |    54 |   103 |   180 |   151 ||   510
       Repelled          |       |       |       |       |     5 ||     5
Block: Kite shield       |       |       |       |   232 |   360 ||   592
       Reflection        |       |       |       |       |    20 ||    20

Table legend: (Time is in decaauts)
 A = Elapsed time spent in this place.
 B = Non-inter-level travel time spent in this place.
 C = Inter-level travel time spent in this place.
 D = Time resting spent in this place.
 E = Time spent auto-exploring this place.
 F = Levels seen in this place.
 G = Mean time per level.
                   A        B        C        D        E       F      G
               +--------+--------+--------+--------+--------+-----+--------+
         Total |  32658 |  31459 |   1199 |  17391 |   9784 |  21 | 1555.1 |
       Dungeon |  17424 |  16718 |    706 |   8662 |   5724 |  13 | 1340.3 |
          Lair |  15158 |  14665 |    493 |   8728 |   4060 |   6 | 2526.3 |
        Shoals |     57 |     57 |      0 |      0 |      0 |   1 |   57.0 |
      Ice Cave |     18 |     18 |      0 |      0 |      0 |   1 |   18.0 |
               +--------+--------+--------+--------+--------+-----+--------+

Top non-repeatable levels by time:
  Lair:2: 3533 daAuts
  Lair:6: 3384 daAuts
     D:7: 2818 daAuts
  Lair:5: 2403 daAuts
  Lair:1: 2388 daAuts
    D:10: 2144 daAuts
  Lair:4: 2083 daAuts
     D:4: 1763 daAuts
    D:12: 1680 daAuts
  Lair:3: 1365 daAuts
     D:6: 1293 daAuts
     D:9: 1251 daAuts
     D:1: 1188 daAuts
     D:8: 1145 daAuts
     D:3: 1055 daAuts
